 Dungeon Crawl Stone Soup version 0.25.1-8-g42b30a86e7 (webtiles) character file.

Game seed: 11622669746287352311

27 pokeman the Magician (level 2, 0/16 HPs)
             Began as a Deep Elf Wizard on Dec 8, 2020.
             Slain by a hobgoblin (4 damage)
             ... on level 1 of the Dungeon.
             The game lasted 00:01:50 (1220 turns).

pokeman the Magician (Deep Elf Wizard)              Turns: 1220, Time: 00:01:50

Health: 0/16       AC:  3    Str:  4    XL:     2   Next: 93%
Magic:  3/10       EV: 13    Int: 22    God:
Gold:   102        SH:  0    Dex: 13    Spells: 10/11 levels left

rFire    . . .     SeeInvis .   (no weapon)
rCold    . . .     Gourm    .   (no shield)
rNeg     . . .     Faith    .   a - +0 robe
rPois    .         Spirit   .   b - +0 hat
rElec    .         Reflect  .   (no cloak)
rCorr    .         Harm     .   e - +0 pair of gloves
MR       .....                  (no boots)
Stlth    ++........             (no amulet)
HPRegen  0.05/turn              (no ring)
MPRegen  0.12/turn              (no ring)

@: no status effects
A: no striking features
a: no special abilities


You were on level 1 of the Dungeon.
You were hungry.

You visited 1 branch of the dungeon, and saw 2 of its levels.

You collected 102 gold pieces.

Inventory:

Missiles
 f - 2 javelins (quivered)
Armour
 a - a +0 robe (worn)
 b - a +0 hat (worn)
 e - a +0 pair of gloves (worn)
 l - a +0 buckler
Scrolls
 c - 3 scrolls of teleportation {unknown}
 j - a scroll of remove curse {unknown}
Potions
 g - a potion of brilliance {unknown}
 h - 2 potions of lignification {unknown}
 i - 2 potions of mutation {unknown}
 k - a potion of curing {unknown}
Comestibles
 d - 2 rations


   Skills:
 + Level 0.6 Fighting
 + Level 0.7 Armour
 - Level 2.4 Dodging
 - Level 2.4 Stealth
 * Level 5.0 Spellcasting
 + Level 1.6 Conjurations
   Level 1.1 Summonings
   Level 1.1 Translocations


You had 10 spell levels left.
You knew the following spells:

 Your Spells              Type           Power        Failure   Level  Hunger
a - Magic Dart            Conj           ##..         4%          1    None

Your spell library contained the following spells:

 Spells                   Type           Power        Failure   Level  Hunger
 Blink                    Tloc           N/A          10%         2    None
 Call Imp                 Summ           ##......     10%         2    None
 Slow                     Hex            #.......     16%         2    None
 Conjure Flame            Conj/Fire      #.......     22%         3    ##.....
 Mephitic Cloud           Conj/Pois/Air  #.......     24%         3    ##.....


Dungeon Overview and Level Annotations

Branches:
Dungeon (2/15)

Altars:

Annotations:
D:2 Robin, Terence


Message History

The hobgoblin hits you. The hobgoblin hits you with a +0 club.
Casting: Magic Dart (safe; 4% risk of failure)
Confirm with . or Enter, or press ? or * to list all spells.
Aiming: Magic Dart (safe; 4% risk of failure)
Press: ? - help, Shift-Dir - straight line, f/p - hobgoblin
Aim: a hobgoblin, wielding a +0 club (moderately wounded)
The magic dart hits the hobgoblin.
The hobgoblin is severely wounded.
The hobgoblin hits you.
* * * LOW HITPOINT WARNING * * *
The hobgoblin barely misses you.
Casting: Magic Dart (safe; 4% risk of failure)
Confirm with . or Enter, or press ? or * to list all spells.
Aiming: Magic Dart (safe; 4% risk of failure)
Press: ? - help, Shift-Dir - straight line, f/p - hobgoblin
Aim: a hobgoblin, wielding a +0 club (severely wounded)
The magic dart hits the hobgoblin.
You kill the hobgoblin!
The hobgoblin hits you.
You die...

..#.#.#.#.........##
#.#.#.#)#.#.##.....#
..#.#.#.#.#.##.....#
###.#.#.#.#.##.....#
#.#.#.#.#.##.....#
#.#.#.#.#.##...).#
#.#.#.#.#)##..g..#
#.#.#.#.#.####g#.#
#.#.#.#.#.####@#.#
#.#.#.#......#)#.#
#.#.#.#...>#.###.####
#.#.#.#.............####
#.#.#.###..............#
#.#.#.# #...........##.#
#.#.#.# #..............#
#.#.#.# #............###
###.#.#.###.#..........#


You could see a hobgoblin and a goblin.

Vanquished Creatures
  An ooze (D:2)
  2 bats (D:1)
  A giant cockroach (D:2)
  4 goblins
  A hobgoblin (D:1)
  6 kobolds
  A frilled lizard (D:2)
  5 rats (D:1)
21 creatures vanquished.

Notes
Turn   | Place    | Note
-------+----------+-------------------------------------------
     0 | D:1      | pokeman the Deep Elf Wizard began the quest for the Orb.
     0 | D:1      | Reached XP level 1. HP: 10/10 MP: 7/7
   464 | D:1      | Reached XP level 2. HP: 16/16 MP: 4/9
  1040 | D:2      | Noticed Robin
  1087 | D:2      | Reached skill level 5 in Spellcasting
  1151 | D:2      | Noticed Terence
  1220 | D:1      | Slain by a hobgoblin

Illustrated notes

Levels and vault maps discovered:
D:1:      lightli_arrival_flooded_house, layout_basic
D:2:      layout_rooms, uniq_terence, uniq_robin

Skill      XL: |  1  2 |
---------------+-------+-----
Spellcasting   | 5 |  5.0
Fighting       | |  0.6
Armour         | |  0.7
Dodging        | |  2.4
Stealth        | |  2.4
Conjurations   | |  1.6
Summonings     | |  1.1
Translocations | |  1.1

Action                   || total
-------------------------++-------
 Cast: Magic Dart        ||    44
Armor: Robe              ||     6
Dodge: Dodged            ||    13
